SL
THUNDER BAY NORTHERN LIONS BC @ PHILADELPHIA 1776 BC
06/30/2029
 
TOP OF THE 1ST
Thunder Bay Northern Lions BC batting - Pitching for Philadelphia 1776 BC : RHP Elroy Thompkins
Pitching: RHP Elroy Thompkins
Batting: LHB David Smith 0-0: Called Strike
0-1: Ball
1-1: Ball
2-1: Ground out 4-3 (Groundball, 4)
Batting: RHB Rafael Pueblo 0-0: Ball
1-0: Ball
2-0: Ball
3-0: Called Strike
3-1: Foul Ball, location: 2F
3-2: Strikes out looking
Batting: RHB Gabriel Rodríguez 0-0: Ball
1-0: Foul Ball, location: 2F
1-1: Called Strike
1-2: Strikes out swinging
Top of the 1st over - 0 runs, 0 hits, 0 errors, 0 left on base; Thunder Bay 0 - Philadelphia 1776 0
BOTTOM OF THE 1ST
Philadelphia 1776 BC batting - Pitching for Thunder Bay Northern Lions BC : RHP Stewart Fleming
Pitching: RHP Stewart Fleming
Batting: LHB José Rodríguez 0-0: Ground out 5-3 (Groundball, 56)
Batting: LHB Tony Vega 0-0: Called Strike
0-1: Called Strike
0-2: Reached on error, E6 (Groundball, 6)
Batting: LHB Manoo Satyavrat 0-0: Ball
1-0: Called Strike
1-1: Called Strike
1-2: Strikes out swinging
Tony Vega steals 2nd base
Batter strikes out.
Batting: LHB Jeff Rutherford 0-0: Ball
1-0: Called Strike
1-1: Swinging Strike
1-2: Ball
2-2: Strikes out looking
Bottom of the 1st over - 0 runs, 0 hits, 1 error, 1 left on base; Thunder Bay 0 - Philadelphia 1776 0
TOP OF THE 2ND
Thunder Bay Northern Lions BC batting - Pitching for Philadelphia 1776 BC : RHP Elroy Thompkins
Batting: SHB Carlos Rodríguez 0-0: Called Strike
0-1: Ball
1-1: Fly out, F8 (Flyball, 8RD)
Batting: RHB Keith Fish 0-0: Foul Ball, location: 2F
0-1: Ball
1-1: Ball
2-1: Called Strike
2-2: Fly out, F4 (Flyball, 4D)
Batting: RHB Carlos Padilla 0-0: Ball
1-0: Swinging Strike
1-1: Ground out 4-3 (Groundball, 4)
Top of the 2nd over - 0 runs, 0 hits, 0 errors, 0 left on base; Thunder Bay 0 - Philadelphia 1776 0
BOTTOM OF THE 2ND
Philadelphia 1776 BC batting - Pitching for Thunder Bay Northern Lions BC : RHP Stewart Fleming
Batting: SHB Jesús Cabañe 0-0: Ball
1-0: Ground out 6-3 (Groundball, 6)
Batting: SHB Sam Quint 0-0: SINGLE (Line Drive, 6D)
Batting: RHB Fernando Rivera 0-0: Ball
1-0: Ball
2-0: Swinging Strike
2-1: Foul Ball, location: 2F
2-2: Strikes out looking
Batting: RHB Patrizio Vanali 0-0: Ball
1-0: Swinging Strike
1-1: Ball
2-1: Fielders Choice at 2nd, 6-4 (Groundball, 56)
Bottom of the 2nd over - 0 runs, 1 hit, 0 errors, 1 left on base; Thunder Bay 0 - Philadelphia 1776 0
TOP OF THE 3RD
Thunder Bay Northern Lions BC batting - Pitching for Philadelphia 1776 BC : RHP Elroy Thompkins
Batting: RHB Xavier Pérez 0-0: Swinging Strike
0-1: Fly out, F5 (Popup, 5S)
Batting: RHB Denis Higgins 0-0: Called Strike
0-1: Foul Ball, location: 2F
0-2: Strikes out swinging
Batting: RHB Augusto Encarnación 0-0: Called Strike
0-1: Ball
1-1: Foul Ball, location: 2F
1-2: Ball
2-2: Ground out 6-3 (Groundball, 6)
Top of the 3rd over - 0 runs, 0 hits, 0 errors, 0 left on base; Thunder Bay 0 - Philadelphia 1776 0
BOTTOM OF THE 3RD
Philadelphia 1776 BC batting - Pitching for Thunder Bay Northern Lions BC : RHP Stewart Fleming
Batting: RHB John Schnatter 0-0: Ball
1-0: Foul Ball, location: 2F
1-1: Swinging Strike
1-2: Foul Ball, location: 2F
1-2: Ball
2-2: Foul Ball, location: 2F
2-2: Strikes out swinging
Batting: LHB José Rodríguez 0-0: Called Strike
0-1: Ball
1-1: Swinging Strike
1-2: Ball
2-2: Ball
3-2: Base on Balls
Batting: LHB Tony Vega 0-0: Ball
1-0: Ball
2-0: Foul Ball, location: 2F
2-1: Swinging Strike
2-2: Strikes out swinging
Batting: LHB Manoo Satyavrat 0-0: Ball
1-0: Ball
2-0: 2-RUN HOME RUN (Flyball, 8LXD), Distance : 439 ft
Batting: LHB Jeff Rutherford 0-0: Called Strike
0-1: Called Strike
0-2: Strikes out looking
Bottom of the 3rd over - 2 runs, 1 hit, 0 errors, 0 left on base; Thunder Bay 0 - Philadelphia 1776 2
TOP OF THE 4TH
Thunder Bay Northern Lions BC batting - Pitching for Philadelphia 1776 BC : LHP Pedro Garza
Pitching: LHP Pedro Garza
Batting: LHB David Smith 0-0: Called Strike
0-1: Ball
1-1: Foul Ball, location: 2F
1-2: Foul Ball, location: 2F
1-2: Strikes out swinging
Batting: RHB Rafael Pueblo 0-0: Fly out, F3 (Popup, 3)
Batting: RHB Gabriel Rodríguez 0-0: Ball
1-0: Called Strike
1-1: Foul Ball, location: 2F
1-2: Foul Ball, location: 2F
1-2: Ball
2-2: Ball
3-2: Strikes out looking
Top of the 4th over - 0 runs, 0 hits, 0 errors, 0 left on base; Thunder Bay 0 - Philadelphia 1776 2
BOTTOM OF THE 4TH
Philadelphia 1776 BC batting - Pitching for Thunder Bay Northern Lions BC : RHP Stewart Fleming
Batting: SHB Jesús Cabañe 0-0: Foul Ball, location: 2F
0-1: Ball
1-1: Ball
2-1: Ground out 1-3 (Groundball, P)
Batting: SHB Sam Quint 0-0: Ball
1-0: Called Strike
1-1: Fly out, F9 (Flyball, 9)
Batting: RHB Fernando Rivera 0-0: Ball
1-0: Ball
2-0: Foul Ball, location: 2F
2-1: Ball
3-1: Called Strike
3-2: Foul Ball, location: 2F
3-2: Fly out, F8 (Flyball, 8LM)
Bottom of the 4th over - 0 runs, 0 hits, 0 errors, 0 left on base; Thunder Bay 0 - Philadelphia 1776 2
TOP OF THE 5TH
Thunder Bay Northern Lions BC batting - Pitching for Philadelphia 1776 BC : LHP Pedro Garza
Batting: SHB Carlos Rodríguez 0-0: Swinging Strike
0-1: Swinging Strike
0-2: Foul Ball, location: 2F
0-2: Ball
1-2: Foul Ball, location: 2F
1-2: Ball
2-2: Fly out, F9 (Flyball, 9LMF)
Batting: RHB Keith Fish 0-0: Foul Ball, location: 2F
0-1: Fly out, F9 (Line Drive, 9S)
Batting: RHB Carlos Padilla 0-0: Foul Ball, location: 2F
0-1: Foul Ball, location: 2F
0-2: Foul Ball, location: 2F
0-2: Ball
1-2: Strikes out swinging
Top of the 5th over - 0 runs, 0 hits, 0 errors, 0 left on base; Thunder Bay 0 - Philadelphia 1776 2
BOTTOM OF THE 5TH
Philadelphia 1776 BC batting - Pitching for Thunder Bay Northern Lions BC : RHP Stewart Fleming
Batting: RHB Patrizio Vanali 0-0: SINGLE (Groundball, 34D)
Batting: RHB John Schnatter 0-0: Ball
1-0: Called Strike
1-1: Called Strike
1-2: Foul Ball, location: 2F
1-2: Ground out 4-3 (Groundball, 4MS)
Patrizio Vanali to second
Batting: LHB José Rodríguez 0-0: Called Strike
0-1: Foul Ball, location: 2F
0-2: Ball
1-2: Ball
2-2: Fielders Choice attempt at 3rd, Runner SAFE. 6-5 (Groundball, 56D)
Batting: LHB Tony Vega 0-0: Ball
1-0: Ball
José Rodríguez is caught stealing 2nd base
2-0: Ball
3-0: Base on Balls
Batting: LHB Manoo Satyavrat 0-0: Ball
Error on foul ball, E7
1-1: Ball
2-1: Ball
3-1: Foul Ball, location: 2F
3-2: Base on Balls
Tony Vega to second
Batting: LHB Jeff Rutherford 0-0: Called Strike
0-1: Foul Ball, location: 2F
0-2: Foul Ball, location: 2F
0-2: Ball
1-2: Strikes out swinging
Bottom of the 5th over - 0 runs, 1 hit, 1 error, 3 left on base; Thunder Bay 0 - Philadelphia 1776 2
TOP OF THE 6TH
Thunder Bay Northern Lions BC batting - Pitching for Philadelphia 1776 BC : LHP Pedro Garza
Batting: RHB Xavier Pérez 0-0: Called Strike
0-1: SOLO HOME RUN (Flyball, 89XD), Distance : 427 ft
Batting: RHB Denis Higgins 0-0: Ball
1-0: Ball
2-0: Swinging Strike
2-1: Ball
3-1: Base on Balls
Batting: RHB Augusto Encarnación 0-0: Bunt - Flyout! F1
Batting: LHB David Smith 0-0: Ball
Denis Higgins is caught stealing 2nd base
1-0: Called Strike
1-1: SINGLE (Line Drive, 34D)
Batting: RHB Rafael Pueblo 0-0: Foul Ball, location: 2F
0-1: Ground out U3 (Groundball, 34S)
Top of the 6th over - 1 run, 2 hits, 0 errors, 1 left on base; Thunder Bay 1 - Philadelphia 1776 2
BOTTOM OF THE 6TH
Philadelphia 1776 BC batting - Pitching for Thunder Bay Northern Lions BC : RHP Stewart Fleming
Batting: SHB Jesús Cabañe 0-0: Fly out, F5 (Popup, 5)
Batting: SHB Sam Quint 0-0: Ball
1-0: Ball
2-0: Called Strike
2-1: Ball
3-1: SINGLE (Groundball, 4MD)
Batting: RHB Fernando Rivera 0-0: Swinging Strike
0-1: Swinging Strike
0-2: Strikes out swinging
Pitching: LHP José Flores
Batting: RHB Patrizio Vanali 0-0: Ball
1-0: Called Strike
1-1: Swinging Strike
1-2: Foul Ball, location: 2F
1-2: SINGLE (Groundball, 3D)
Sam Quint to second
Runner from 2nd tries for 3rd, SAFE, no throw
Batting: RHB John Schnatter 0-0: Foul Ball, location: 2F
0-1: Ball
1-1: Foul Ball, location: 2F
1-2: Fielders Choice at 2nd, 6-4 (Groundball, 6)
Bottom of the 6th over - 0 runs, 2 hits, 0 errors, 2 left on base; Thunder Bay 1 - Philadelphia 1776 2
TOP OF THE 7TH
Thunder Bay Northern Lions BC batting - Pitching for Philadelphia 1776 BC : LHP Pedro Garza
Pitching: LHP Raúl Melro
Batting: RHB Gabriel Rodríguez 0-0: Swinging Strike
0-1: Foul Ball, location: 2F
0-2: Foul Ball, location: 2F
0-2: Foul Ball, location: 2F
0-2: Ball
1-2: Ball
2-2: Ball
3-2: Base on Balls
Batting: SHB Carlos Rodríguez 0-0: Ball
1-0: Ball
2-0: Grounds into double play, 4-6-3 (Groundball, 34)
Batting: RHB Keith Fish 0-0: Foul Ball, location: 2F
0-1: Foul Ball, location: 2F
0-2: Ball
1-2: Ball
2-2: SINGLE (Groundball, 6D)
Batting: RHB Carlos Padilla 0-0: Fly out, F8 (Flyball, 8RD)
Top of the 7th over - 0 runs, 1 hit, 0 errors, 1 left on base; Thunder Bay 1 - Philadelphia 1776 2
BOTTOM OF THE 7TH
Philadelphia 1776 BC batting - Pitching for Thunder Bay Northern Lions BC : LHP José Flores
Batting: LHB José Rodríguez 0-0: Ball
1-0: Ground out 5-3 (Groundball, 5)
Batting: LHB Tony Vega 0-0: Ball
1-0: Called Strike
1-1: Ball
2-1: Ground out 4-3 (Groundball, 4)
Batting: LHB Manoo Satyavrat 0-0: Ball
1-0: Swinging Strike
1-1: Ball
2-1: Ball
3-1: Base on Balls
Batting: LHB Jeff Rutherford 0-0: Called Strike
0-1: Swinging Strike
0-2: Strikes out swinging
Bottom of the 7th over - 0 runs, 0 hits, 0 errors, 1 left on base; Thunder Bay 1 - Philadelphia 1776 2
TOP OF THE 8TH
Thunder Bay Northern Lions BC batting - Pitching for Philadelphia 1776 BC : LHP Raúl Melro
Batting: RHB Xavier Pérez 0-0: Called Strike
0-1: Ground out 5-3 (Groundball, 5L)
Batting: RHB Denis Higgins 0-0: Called Strike
0-1: Ball
1-1: Swinging Strike
1-2: Foul Ball, location: 2F
1-2: Strikes out swinging
Batting: RHB Augusto Encarnación 0-0: Ball
1-0: SINGLE (Groundball, 6MD)
Batting: LHB David Smith 0-0: Called Strike
0-1: Called Strike
0-2: Ball
1-2: Foul Ball, location: 2F
1-2: Fly out, F4 (Popup, 4M)
Top of the 8th over - 0 runs, 1 hit, 0 errors, 1 left on base; Thunder Bay 1 - Philadelphia 1776 2
BOTTOM OF THE 8TH
Philadelphia 1776 BC batting - Pitching for Thunder Bay Northern Lions BC : LHP José Flores
Batting: SHB Jesús Cabañe 0-0: Foul Ball, location: 2F
0-1: Ball
1-1: Ball
2-1: Ball
3-1: Called Strike
3-2: Ground out 6-3 (Groundball, 6)
Batting: SHB Sam Quint 0-0: SINGLE (Groundball, 56S) (infield hit)
Batting: RHB Fernando Rivera 0-0: Ball
1-0: Foul Ball, location: 2F
1-1: Called Strike
1-2: Strikes out looking
Batting: RHB Patrizio Vanali 0-0: Ball
1-0: Ball
2-0: Ball
3-0: Called Strike
3-1: SINGLE (Line Drive, 89S)
Sam Quint to second
Runner from 2nd tries for 3rd, SAFE, no throw
Batting: RHB John Schnatter 0-0: Ball
1-0: Called Strike
1-1: Ball
2-1: Ground out 4-3 (Groundball, 4)
Bottom of the 8th over - 0 runs, 2 hits, 0 errors, 2 left on base; Thunder Bay 1 - Philadelphia 1776 2
TOP OF THE 9TH
Thunder Bay Northern Lions BC batting - Pitching for Philadelphia 1776 BC : LHP Raúl Melro
Batting: RHB Rafael Pueblo 0-0: Ball
1-0: Called Strike
1-1: Ball
2-1: Fly out, F6 (Popup, 6MD)
Batting: RHB Gabriel Rodríguez 0-0: Ball
1-0: Foul Ball, location: 2F
1-1: Called Strike
1-2: Ball
2-2: Strikes out swinging
Batting: SHB Carlos Rodríguez 0-0: Foul Ball, location: 2F
0-1: Swinging Strike
0-2: Strikes out swinging
Top of the 9th over - 0 runs, 0 hits, 0 errors, 0 left on base; Thunder Bay 1 - Philadelphia 1776 2
Tuesday, December 19th, 2017 - OOTP Baseball 18.8 Build 76